 Dungeon Crawl Stone Soup version 0.27-a0-1136-g0b992a5a9d (webtiles) character file.

Game seed: 2003732786459349194

16 robertstho the Skirmisher (level 2, -1/25 HPs)
             Began as a Demonspawn Abyssal Knight on May 5, 2021.
             Was an Initiate of Lugonu.
             Slain by Sigmund
             ... wielding a +0 scythe
              (6 damage)
             ... on level 2 of the Dungeon.
             The game lasted 00:01:13 (1414 turns).

robertstho the Skirmisher (DsAK)                    Turns: 1414, Time: 00:01:14

Health: -1/25      AC:  7    Str: 12    XL:     2   Next: 41%
Magic:  3/3        EV: 11    Int: 13    God:    Lugonu [......]
Gold:   56         SH:  0    Dex: 12    Spells: 1/1 levels left

rFire    . . .     SeeInvis .   a - +1 falchion
rCold    . . .     Faith    .   (no shield)
rNeg     . . .     Spirit   .   b - +0 leather armour
rPois    .         Reflect  .   (no helmet)
rElec    .         Harm     .   (no cloak)
rCorr    .         Rampage  .   (no gloves)
Will     .....                  (no boots)
Stlth    +.........             (no amulet)
HPRegen  0.08/turn              g - +4 ring of protection
MPRegen  0.08/turn              (no ring)

@: attractive, hasted, very quick
A: sturdy frame 1
a: Renounce Religion


You were on level 2 of the Dungeon.
You worshipped Lugonu.
Lugonu was noncommittal.
You visited 1 branch of the dungeon, and saw 2 of its levels.
You visited the Abyss 1 time.

You collected 56 gold pieces.

Inventory:

Hand Weapons
 a - a +1 falchion (weapon)
Armour
 b - a +0 leather armour (worn)
Jewellery
 g - a +4 ring of protection (left hand)
Scrolls
 c - a scroll of acquirement {unknown}
 d - a scroll of enchant weapon {unknown}
 e - a scroll of noise {unknown}
 f - a scroll of fear {unknown}
 i - 2 scrolls of teleportation {unknown}


   Skills:
 * Level 3.7 Fighting
 + Level 1.8 Long Blades
 * Level 1.9 Armour
 + Level 0.8 Dodging
 * Level 2.4 Invocations


You had one spell level left.
You didn't know any spells.
Your spell library was empty.

Dungeon Overview and Level Annotations

Branches:
Dungeon (2/15)

Altars:

Annotations:
D:2 Sigmund


Innate Abilities, Weirdness & Mutations

Your movements are slightly less encumbered by armour. (ER -2)


Message History

The bat hits you but does no damage.
Sigmund the Dreaded comes into view.
He is wielding a +0 scythe.
Sigmund says, "Your kind have come here before.
I understand now why.
You desire death..."
Sigmund closely misses you.
It was a potion of attraction.
You feel attractive to monsters. Sigmund hits you with a +0 scythe!
It was a potion of haste.
You feel yourself speed up. Sigmund hits you with a +0 scythe!
* * * LOW HITPOINT WARNING * * *
It was a potion of heal wounds.
You feel much better.
You hit Sigmund.
Sigmund is moderately wounded.
Sigmund misses you.
You riposte.
You closely miss Sigmund.
Sigmund is moderately wounded.
You barely miss Sigmund.
Sigmund is moderately wounded.
Sigmund gestures at himself while chanting.
Sigmund flickers and vanishes!
Deactivating autopickup; reactivate with Ctrl-A.
You closely miss something. The bat is pulled toward you!
You closely miss something. The bat barely misses you.
You riposte.
You hit the bat.
You kill the bat!
Lugonu accepts your kill.
You hear some strange, mumbled words.
Something tries to affect you, but you resist.
A quokka comes into view.
You miss something.
You hear some strange, mumbled words.
A magic dart appears from out of thin air!
The magic dart hits you.
You closely miss something. Something hits you.
You hit something. You miss something. Something hits you.
You closely miss something. Something hits you.
You miss something. Something hits you!
* * * LOW HITPOINT WARNING * * *
You completely miss something. Something hits you.
You die...

#.#.# #.#.# #.#.#
#.#.# # #.#.# .#
..#####.#.#.####.#
.................#
..#####.######...#.#
#..(...@.....#
########{..### r..#
.### .# .# .# .#


You could see a quokka.

Vanquished Creatures
  2 endoplasms (D:1)
  2 giant cockroaches
  A goblin (D:1)
  3 hobgoblins
  A kobold (D:1)
  2 bats
  2 frilled lizards (D:1)
  A rat (D:1)
14 creatures vanquished.

Notes
Turn   | Place    | Note
-------+----------+-------------------------------------------
     0 | Abyss:1  | robertstho the Demonspawn Abyssal Knight began the quest
                  | for the Orb.
     0 | Abyss:1  | Reached XP level 1. HP: 18/18 MP: 2/2
     0 | Abyss:1  | Found a corrupted altar of Lugonu.
    12 | Abyss:1  | Found a hide-covered altar of Uskayaw.
    48 | D:1      | Escaped the Abyss
   639 | D:1      | Found a faded altar of an unknown god.
   763 | D:1      | Gained mutation: Your movements are slightly less
                  | encumbered by armour. (ER -2) [demonic ancestry]
   763 | D:1      | Reached XP level 2. HP: 24/24 MP: 3/3
  1160 | D:2      | Reached * piety under Lugonu
  1400 | D:2      | Noticed Sigmund
  1414 | D:2      | Slain by Sigmund

Illustrated notes

Levels and vault maps discovered:
D:1:      psy_arrival_terrarium, layout_basic,
          hellmonk_ecumenical_altar_heavens_door, minmay_tetromino_l4
D:2:      layout_basic, serial_shops, shop, minmay_bisected, uniq_sigmund

Action                   || total
-------------------------++-------
Melee: Falchion          ||    53
Invok: Depart the Abyss  ||     1
  Use: Potion            ||     3
Armor: Leather armour    ||    18
Dodge: Dodged            ||    33
       Rpst.: Falchion   ||    12

Table legend: (Time is in decaauts)
 A = Elapsed time spent in this place.
 B = Non-inter-level travel time spent in this place.
 C = Inter-level travel time spent in this place.
 D = Time resting spent in this place.
 E = Time spent auto-exploring this place.
 F = Levels seen in this place.
 G = Mean time per level.
                   A        B        C        D        E       F      G
               +--------+--------+--------+--------+--------+-----+--------+
         Total |   1418 |   1395 |     23 |    167 |   1103 |   3 |  472.7 |
       Dungeon |   1370 |   1347 |     23 |    167 |   1056 |   2 |  685.0 |
         Abyss |     48 |     48 |      0 |      0 |     47 |   1 |   48.0 |
               +--------+--------+--------+--------+--------+-----+--------+

Top non-repeatable levels by time:
     D:1: 1021 daAuts
     D:2: 349 daAuts
 Abyss:1: 48 daAuts
